Map: Eternal Empire LE

Players

Namshar

  • Race: Zerg Zerg
  • Spawn Location: 7:00

Harstem - Winner!

  • Race: Protoss Protoss
  • Spawn Location: 1:00

Event: IEM Katowice 2020

VOD

Have the link to the VOD?

Description

Time

  • Played on: Feb. 25, 2020, 4:28 a.m.
  • Length: 19:11

All games in this series

Show
View Real Time Build Order
Export as new Build Order

Namshar Zerg 

Build Orders: Hatch First, Lurkers, Roach Hydra 

Get SALT Encoding   

  12  0:01  Drone  
  13  0:12  Overlord  
  13  0:17  Drone  
  14  0:30  Drone x2  
  16  0:48  Hatchery  
  15  0:51  Drone  
  15  0:55  Drone  
  17  0:58  Drone  
  18  1:08  Extractor  
  17  1:13  Spawning Pool  
  17  1:17  Drone  
  17  1:20  Drone  
  18  1:28  Drone  
  19  1:39  Drone  
  20  1:50  Overlord  
  20  2:00  Queen x2  
  20  2:01  Zergling x4  
  26  2:11  Drone x2  
  28  2:21  Drone  
  28  2:22  Drone  
  30  2:32  Hatchery  
  30  2:33  Drone  
  30  2:36  Pneumatized Carapace  
  30  2:42  Overlord  
  31  2:44  Drone  
  31  2:49  Drone  
  32  2:54  Drone x2  
  32  2:58  Queen  
  34  3:04  Drone  
  34  3:05  Drone  
  38  3:10  Drone  
  38  3:11  Drone x2  
  41  3:14  Drone  
  41  3:16  Overlord  
  42  3:20  Metabolic Boost  
  42  3:23  Drone  
  42  3:26  Overlord  
  42  3:29  Drone  
  42  3:32  Spore Crawler  
  42  3:35  Spore Crawler, Drone  
  42  3:40  Queen  
  44  3:45  Queen  
  46  3:50  Drone  
  46  3:51  Drone  
  46  3:52  Drone  
  49  3:58  Drone  
  49  4:01  Drone  
  49  4:02  Drone  
  52  4:04  Zergling x8  
  56  4:13  Zergling x2  
  56  4:14  Zergling x2  
  56  4:16  Zergling x2  
  56  4:17  Overlord x2  
  59  4:19  Drone  
  60  4:24  Lair  
  60  4:27  Roach Warren, Overlord  
  60  4:29  Drone  
  60  4:36  Drone x2  
  58  4:42  Drone  
  56  4:47  Drone  
  56  4:48  Drone x4  
  56  4:49  Drone  
  56  4:50  Drone x3  
  56  4:52  Extractor, Drone  
  63  4:55  Extractor, Drone  
  63  4:56  Extractor, Drone  
  63  4:58  Drone x2  
  65  5:06  Drone x3  
  67  5:16  Drone x3  
  67  5:19  Drone  
  71  5:21  Spore Crawler, Extractor  
  71  5:22  Extractor  
  71  5:24  Glial Reconstitution, Drone x4  
  72  5:33  Hydralisk Den, Drone  
  72  5:35  Overlord  
  72  5:36  Drone  
  72  5:37  Drone x3  
  72  5:38  Drone x2  
  72  5:39  Drone  
  79  5:46  Overlord  
  79  5:47  Spire  
  78  5:54  Drone x3, Evolution Chamber  
  76  5:59  Overlord  
  76  6:02  Drone  
  76  6:03  Drone x2  
  79  6:05  Hatchery  
  79  6:06  Overseer  
  78  6:12  Overseer  
  78  6:15  Grooved Spines, Overlord x2  
  78  6:21  Overlord  
  78  6:23  Overlord  
  78  6:26  Roach x2  
  78  6:27  Roach x2  
  78  6:30  Queen  
  88  6:33  Unknown  
  87  6:43  Overlord  
  87  6:46  Roach  
  89  6:59  Mutalisk x5  
  89  7:00  Mutalisk x3  
  105  7:04  Drone  
  105  7:05  Drone x2  
  108  7:09  Drone  
  108  7:13  Zerg Missile Weapons Level 1  
  109  7:18  Drone x2  
  109  7:19  Drone x2  
  109  7:20  Hydralisk x3  
  119  7:25  Roach x2  
  119  7:27  Muscular Augments  
  125  7:30  Roach x3  
  131  7:37  Roach  
  131  7:39  Roach x5  
  131  7:43  Ravager  
  142  7:45  Roach x4  
  148  7:52  Roach  
  148  7:53  Roach  
  150  8:11  Roach  
  150  8:12  Overlord x5  
  138  8:26  Roach x7  
  138  8:27  Roach x3  
  150  8:33  Roach x3  
  145  8:39  Roach x2, Unknown  
  141  8:47  Roach x2  
  141  8:48  Roach  
  131  8:56  Roach x3  
  131  8:58  Ravager, Queen  
  131  8:59  Queen x2  
  142  9:06  Hydralisk x3  
  142  9:08  Ravager  
  142  9:09  Hatchery, Ravager  
  150  9:10  Ravager x2, Hydralisk x3  
  150  9:11  Hydralisk  
  150  9:12  Zerg Missile Weapons Level 2  
  152  9:25  Roach x3  
  152  9:31  Hydralisk x2  
  152  9:34  Hydralisk  
  152  9:36  Ravager  
  152  9:37  Ravager  
  158  9:46  Hydralisk  
  152  9:54  Hydralisk  
  152  9:55  Hydralisk x4  
  160  10:02  Queen x3  
  160  10:03  Overlord x3  
  166  10:10  Hydralisk x6  
  178  10:17  Infestation Pit  
  173  10:29  Hatchery  
  173  10:33  Hydralisk x2  
  173  10:34  Hydralisk x2  
  166  10:48  Hydralisk x2  
  166  10:53  Hive  
  158  10:58  Lurker Den  
  157  11:04  Drone x2  
  157  11:06  Drone  
  157  11:08  Drone x9  
  157  11:09  Drone x4  
  173  11:16  Extractor  
  164  11:30  Hydralisk x7  
  178  11:38  Zergling x12  
  178  11:39  Zergling x2  
  174  11:49  Hydralisk  
  174  11:50  Zergling x12  
  164  11:58  Zergling x2, Hydralisk  
  164  11:59  Zergling x8  
  159  12:04  Hydralisk  
  159  12:05  Zergling x6  
  101  12:23  Hydralisk x3  
  101  12:26  Drone  
  101  12:27  Drone x4  
  104  12:32  Extractor  
  102  12:40  Hatchery, Zerg Missile Weapons Level 3  
  102  12:41  Seismic Spines  
  102  12:42  Hydralisk  
  102  12:43  Hydralisk  
  105  12:57  Drone x2  
  107  12:58  Drone x2  
  107  12:59  Drone x4  
  107  13:01  Hydralisk x3  
  114  13:20  Drone x3  
  114  13:21  Drone, Hydralisk x3  
  114  13:24  Lurker  
  114  13:25  Lurker x6  
  114  13:26  Hydralisk  
  131  13:32  Queen  
  135  13:38  Adaptive Talons, Hydralisk x2  
  135  13:39  Hydralisk  
  135  13:41  Hydralisk  
  140  13:43  Hydralisk  
  141  13:51  Hydralisk x3  
  146  13:57  Hydralisk x2  
  146  14:01  Lurker x2  
  152  14:03  Hydralisk x2  
  156  14:12  Lurker x4  
  160  14:17  Hydralisk  
  160  14:18  Hydralisk x4  
  168  14:31  Hydralisk x2  
  172  14:41  Hydralisk x5  
  177  15:05  Drone x2  
  177  15:06  Drone x2  
  171  15:07  Hydralisk x2  
  171  15:10  Viper x4  
  187  15:20  Drone x2  
  159  15:36  Hydralisk x3  
  159  15:38  Drone x3  
  159  15:39  Drone  
  159  15:53  Drone x2  
  159  15:54  Drone x2  
  149  15:58  Lurker  
  149  15:59  Lurker x2  
  152  16:10  Hydralisk x10  
  172  16:11  Queen  
  172  16:12  Unknown  
  166  16:20  Hydralisk x3  
  172  16:30  Drone  
  172  16:31  Drone x5  
  174  16:33  Queen  
  175  16:43  Drone x3  
  175  16:45  Hydralisk  
  175  16:46  Hydralisk  
  176  16:52  Drone x2  
  178  16:59  Lurker x2  
  178  17:00  Hydralisk x2  
  184  17:05  Hatchery  
  162  17:17  Hydralisk x2  
  163  17:30  Hydralisk x4  
  163  17:33  Hydralisk  
  163  17:34  Zergling x10  
  141  17:49  Hydralisk  
  141  17:50  Zergling x6  
  137  17:55  Zergling x2, Hydralisk  
  133  18:06  Zergling x2, Hydralisk  
  133  18:07  Zergling x6  
  137  18:16  Hydralisk x2  
  137  18:17  Hydralisk  
  133  18:33  Hydralisk  
  133  18:34  Hydralisk x2  
  93  18:44  Zergling x8  
Show
View Real Time Build Order
Export as new Build Order

Harstem Protoss - Winner!

Build Orders: 1 Gate Expand, Oracle Opening, Carriers, Zealot Archon 

Get SALT Encoding   

  12  0:01  Probe  
  13  0:13  Probe  
  14  0:19  Pylon  
  14  0:25  Probe  
  15  0:30  Assimilator  
  15  0:37  Probe (Chrono Boost)  
  16  0:47  Probe (Chrono Boost)  
  16  0:48  Gateway  
  17  0:52  Probe (Chrono Boost)  
  18  1:03  Probe  
  19  1:15  Probe  
  20  1:24  Nexus  
  20  1:35  Cybernetics Core  
  20  1:38  Probe  
  21  1:43  Assimilator  
  21  1:50  Probe  
  21  1:52  Pylon  
  22  2:02  Probe  
  23  2:09  Adept (Chrono Boost)  
  23  2:15  Probe, Stargate  
  26  2:23  Warp Gate  
  26  2:28  Probe (Chrono Boost)  
  26  2:29  Adept (Chrono Boost)  
  27  2:37  Probe (Chrono Boost)  
  31  2:45  Probe (Chrono Boost)  
  31  2:46  Probe (Chrono Boost)  
  32  2:51  Stalker  
  32  2:53  Probe x2  
  36  3:01  Oracle (Chrono Boost)  
  36  3:05  Probe  
  40  3:08  Pylon  
  40  3:11  Probe  
  41  3:17  Probe  
  42  3:23  Probe  
  43  3:28  Oracle (Chrono Boost)  
  43  3:29  Probe  
  47  3:35  Probe  
  47  3:40  Pylon  
  48  3:41  Probe  
  48  3:42  Assimilator  
  48  3:47  Probe, Assimilator  
  50  3:53  Probe  
  51  3:59  Probe  
  52  4:03  Nexus  
  52  4:05  Probe, Oracle  
  56  4:12  Probe  
  56  4:16  Pylon  
  57  4:17  Robotics Facility  
  57  4:21  Pylon  
  57  4:22  Probe (Chrono Boost)  
  57  4:24  Probe (Chrono Boost)  
  60  4:33  Probe (Chrono Boost)  
  60  4:34  Probe (Chrono Boost)  
  60  4:38  Probe (Chrono Boost)  
  61  4:42  Adept  
  61  4:43  Probe  
  61  4:45  Gateway  
  65  4:50  Probe  
  62  4:54  Forge  
  62  4:55  Probe  
  62  4:57  Gateway  
  63  5:02  Probe  
  64  5:07  Adept  
  64  5:09  Probe (Chrono Boost), Pylon  
  64  5:13  Observer (Chrono Boost)  
  68  5:17  Probe (Chrono Boost), Twilight Council  
  68  5:18  Pylon  
  68  5:19  Probe (Chrono Boost)  
  70  5:26  Immortal (Chrono Boost)  
  70  5:27  Probe (Chrono Boost)  
  73  5:30  Probe (Chrono Boost)  
  73  5:32  Sentry  
  73  5:33  Probe (Chrono Boost)  
  73  5:34  Probe (Chrono Boost), Pylon  
  80  5:37  Protoss Ground Weapons Level 1  
  80  5:38  Probe  
  82  5:42  Probe  
  82  5:46  Probe  
  83  5:50  Probe  
  83  5:51  Assimilator  
  83  5:54  Assimilator  
  83  5:55  Probe  
  85  5:58  Probe  
  85  6:00  Charge  
  85  6:01  Templar Archives  
  85  6:03  Probe, Gateway  
  87  6:05  Gateway  
  87  6:07  Probe  
  87  6:10  Probe  
  89  6:13  Immortal (Chrono Boost)  
  89  6:15  Probe  
  94  6:21  Gateway, Photon Cannon  
  94  6:22  Phoenix (Chrono Boost)  
  96  6:30  Gateway x2  
  96  6:42  Warp Prism (Chrono Boost)  
  96  6:45  High Templar x2  
  96  6:46  Gateway  
  102  6:47  Gateway  
  102  6:50  Probe  
  102  6:51  Shield Battery  
  102  6:52  Shield Battery  
  103  6:54  Shield Battery  
  103  6:55  Archon  
  103  6:59  High Templar x2  
  107  7:05  Archon  
  107  7:09  Zealot  
  107  7:14  Probe  
  107  7:15  Probe  
  111  7:20  Pylon  
  111  7:25  Probe  
  111  7:26  Nexus  
  111  7:27  Pylon  
  112  7:31  Unknown  
  112  7:34  High Templar x2  
  112  7:36  Probe  
  117  7:38  Pylon, Archon  
  117  7:39  Zealot x4  
  117  7:40  Pylon  
  125  7:45  Probe  
  125  7:47  Pylon  
  125  7:52  Zealot x4  
  125  7:58  Phoenix  
  135  7:59  Stalker  
  135  8:00  Stalker x3  
  137  8:06  Stalker  
  137  8:07  Stalker  
  137  8:09  Probe x2  
  137  8:10  Probe  
  138  8:15  Zealot x2  
  136  8:23  Phoenix  
  136  8:25  Zealot x4  
  138  8:32  Stalker  
  138  8:33  Stalker x2  
  138  8:37  Zealot x2  
  138  8:38  Probe  
  141  8:45  Stalker x2  
  141  8:46  Probe x2  
  141  8:47  Probe  
  146  8:50  Probe  
  139  8:56  High Templar, Zealot  
  139  8:57  High Templar x3  
  139  8:59  Protoss Ground Weapons Level 2 (Chrono Boost)  
  139  9:01  Archon  
  139  9:02  Archon  
  149  9:03  Sentry  
  149  9:08  Probe  
  152  9:11  Photon Cannon  
  152  9:14  High Templar x4  
  158  9:17  Probe  
  158  9:20  Archon x2  
  154  9:28  Psionic Storm  
  154  9:30  Zealot x5  
  154  9:32  Sentry  
  154  9:33  Immortal  
  154  9:38  Probe (Chrono Boost)  
  154  9:39  Probe (Chrono Boost)  
  154  9:45  Probe x2 (Chrono Boost)  
  150  9:48  Probe (Chrono Boost)  
  150  9:50  High Templar x3  
  150  9:52  Stalker  
  154  10:03  High Templar  
  154  10:04  Probe x2  
  156  10:07  Photon Cannon  
  156  10:08  Shield Battery  
  156  10:09  Warp Prism (Chrono Boost)  
  156  10:10  High Templar  
  160  10:14  Photon Cannon  
  160  10:15  Shield Battery  
  160  10:17  Pylon  
  160  10:21  Zealot x4  
  160  10:24  Pylon  
  164  10:32  Zealot x4  
  160  10:42  Zealot x5  
  155  10:46  Zealot  
  147  10:55  High Templar  
  145  10:58  Zealot  
  145  10:59  Zealot x2  
  145  11:03  Zealot x2  
  145  11:04  Zealot x3  
  161  11:20  Probe  
  161  11:23  Zealot x4  
  161  11:24  High Templar x3  
  161  11:25  High Templar, Zealot  
  180  11:28  Archon  
  180  11:29  Archon  
  178  11:44  Zealot x4  
  172  11:48  Immortal (Chrono Boost)  
  172  11:52  Zealot x2  
  160  11:56  Zealot  
  160  11:57  Zealot x3  
  158  12:03  Probe  
  135  12:08  Zealot x4  
  135  12:11  Probe  
  135  12:15  Zealot x2  
  128  12:21  High Templar x3  
  128  12:22  High Templar  
  134  12:26  Archon x2  
  134  12:27  Immortal (Chrono Boost)  
  134  12:29  Fleet Beacon  
  122  12:31  Stargate  
  116  12:37  High Templar x2  
  116  12:38  High Templar x4  
  116  12:43  Archon  
  124  12:44  Archon  
  124  12:46  Immortal (Chrono Boost)  
  124  12:47  Protoss Ground Weapons Level 3  
  124  12:49  Probe  
  124  12:50  Probe  
  130  12:56  Zealot x4  
  138  13:04  Nexus  
  138  13:12  High Templar  
  138  13:13  High Templar, Zealot x4  
  138  13:16  Carrier (Chrono Boost)  
  138  13:19  Archon  
  150  13:21  Observer (Chrono Boost)  
  150  13:23  Probe  
  150  13:24  Photon Cannon  
  158  13:31  Pylon  
  158  13:35  Warp Prism (Chrono Boost)  
  158  13:39  Carrier (Chrono Boost)  
  158  13:43  High Templar  
  158  13:44  High Templar  
  164  14:02  Zealot x8  
  180  14:04  Pylon  
  180  14:08  Photon Cannon  
  180  14:14  Observer (Chrono Boost)  
  181  14:21  Zealot x2  
  181  14:22  Zealot x5  
  187  14:37  Zealot x3  
  193  14:39  Protoss Air Weapons Level 1 (Chrono Boost)  
  187  14:50  Zealot x7  
  191  15:04  Carrier (Chrono Boost)  
  191  15:08  Stargate  
  191  15:10  Photon Cannon  
  185  15:20  Zealot x4  
  166  15:38  Zealot x6  
  156  15:55  Immortal (Chrono Boost)  
  152  15:59  High Templar  
  152  16:00  High Templar  
  152  16:01  Zealot x2  
  152  16:02  Zealot x4  
  176  16:16  Carrier (Chrono Boost)  
  180  16:28  High Templar x4  
  180  16:29  High Templar, Carrier (Chrono Boost)  
  180  16:31  Assimilator  
  190  16:35  Assimilator  
  190  16:40  High Templar x2  
  190  16:44  Zealot x3  
  186  16:55  Carrier  
  192  17:03  Zealot x3  
  192  17:04  Zealot  
  198  17:14  Zealot  
  198  17:15  Zealot x2  
  196  17:22  Zealot x3  
  196  17:23  Immortal  
  194  17:33  Zealot x4  
  172  17:40  Carrier (Chrono Boost)  
  165  17:47  High Templar x4  
  169  17:52  Zealot x2  
  169  17:53  Zealot  
  165  18:02  Carrier (Chrono Boost)  
  165  18:05  High Templar x2  
  157  18:08  Zealot  
  149  18:16  Zealot x3  
  159  18:21  High Templar x2  
  161  18:30  Zealot x3  
  148  18:40  Zealot x3  
  142  18:47  Zealot x2  
  136  18:56  High Templar  
  136  18:57  High Templar x2  

Tags
 
Add a new tag
Caveats
  • Supply blocks, unpowered buildings, or Contaminate may cause inaccurate times.
  • Supply counts are checked every 10 seconds.